3AAA
SUNSET DISTRICT FOG @ HAMILTON COYOTES
05/18/2041
 
TOP OF THE 1ST
Sunset District Fog batting - Pitching for Hamilton Coyotes : LHP Luis Soto
Pitching: LHP Luis Soto
Batting: SHB Doug Watson 0-0: Ball
1-0: Called Strike
1-1: Ball
2-1: Ball
3-1: Base on Balls
Batting: RHB John Mast 0-0: Ball
1-0: Ball
2-0: Fly out, F8 (Flyball, 8RXD, EV 98.1 MPH)
Batting: RHB Brock Dean 0-0: Ball
1-0: Foul Ball, location: 2F
1-1: Ball
2-1: Fly out, F8 (Flyball, 78D, EV 80.6 MPH)
Batting: LHB Phillip White 0-0: Ball
1-0: Ball
2-0: Ball
3-0: Called Strike
3-1: Hit by Pitch
Doug Watson to second
Batting: LHB Flint Myers 0-0: Called Strike
0-1: Ball
1-1: Ball
2-1: Ball
3-1: Base on Balls
Doug Watson to third
Phillip White to second
Batting: SHB Rafael Bregonzi 0-0: Ball
1-0: Ball
2-0: Called Strike
2-1: Swinging Strike
2-2: DOUBLE (Flyball, 8LXD, EV 106.9 MPH)
Doug Watson scores
Phillip White scores
Flint Myers to third
Runner from 3rd tries for Home, SAFE, throw by CF to home
Batting: LHB Dallas Ihde 0-0: Ball
1-0: Foul Ball, location: 2F
1-1: Foul Ball, location: 2F
1-2: Ball
2-2: Foul Ball, location: 2F
2-2: Ball
3-2: Ground out 4-3 (Groundball, 4M, EV 90.0 MPH)
Top of the 1st over - 3 runs, 1 hit, 0 errors, 1 left on base; Sunset District 3 - Hamilton 0
BOTTOM OF THE 1ST
Hamilton Coyotes batting - Pitching for Sunset District Fog : LHP Nicholas Finn
Pitching: LHP Nicholas Finn
Batting: SHB Júlio Moreno 0-0: Foul Ball, location: 2F
0-1: Ground out 6-3 (Groundball, 6, EV 89.4 MPH)
Batting: RHB Cary Collins 0-0: Called Strike
0-1: Ball
1-1: Swinging Strike
1-2: Ball
2-2: Ball
3-2: Base on Balls
Batting: RHB Tom Rowland 0-0: Ball
1-0: Foul Ball, location: 2F
1-1: Ball
2-1: Ball
3-1: Base on Balls
Cary Collins to second
Batting: RHB Dave Broom 0-0: Ball
1-0: Ball
2-0: Ball
3-0: Called Strike
3-1: Base on Balls
Cary Collins to third
Tom Rowland to second
Batting: RHB Rey McSriff 0-0: Ball
Wild Pitch!
Cary Collins scores
Tom Rowland to third
Dave Broom to second
1-0: Swinging Strike
1-1: Foul Ball, location: 2F
1-2: Ball
2-2: Strikes out swinging
Batting: RHB Gary Goodwin 0-0: Called Strike
0-1: Called Strike
0-2: Foul Ball, location: 2F
0-2: Ball
1-2: Strikes out swinging
Bottom of the 1st over - 1 run, 0 hits, 0 errors, 2 left on base; Sunset District 3 - Hamilton 1
TOP OF THE 2ND
Sunset District Fog batting - Pitching for Hamilton Coyotes : LHP Luis Soto
Batting: RHB Vonne Navarrete 0-0: Called Strike
0-1: Called Strike
0-2: Ground out 6-3 (Groundball, 6, EV 80.0 MPH)
Batting: LHB Yi-da Chow 0-0: Ball
1-0: Foul Ball, location: 2F
1-1: Fly out, F5 (Popup, 5SF, EV 85.0 MPH)
Batting: SHB Doug Watson 0-0: Ball
1-0: Swinging Strike
1-1: Ball
2-1: Ground out 5-3 (Groundball, 5L, EV 85.6 MPH)
Top of the 2nd over - 0 runs, 0 hits, 0 errors, 0 left on base; Sunset District 3 - Hamilton 1
BOTTOM OF THE 2ND
Hamilton Coyotes batting - Pitching for Sunset District Fog : LHP Nicholas Finn
Batting: RHB Dylan Oram 0-0: Ball
1-0: Ball
2-0: DOUBLE (Line Drive, 8LD, EV 108.1 MPH)
Batting: RHB Chris Kuhn 0-0: Foul Ball, location: 2F
0-1: Ball
1-1: SINGLE (Groundball, 56D, EV 101.9 MPH)
Dylan Oram to third
Batting: LHB Jason Powell 0-0: Ball
1-0: Ball
2-0: SINGLE (Groundball, 34, EV 108.1 MPH) (infield hit)
Dylan Oram scores
Chris Kuhn to second
Batting: SHB Júlio Moreno 0-0: Called Strike
0-1: Foul Ball, location: 2F
0-2: Ball
1-2: Ball
2-2: Strikes out looking
Batting: RHB Cary Collins 0-0: Ball
1-0: Ball
2-0: Grounds into double play, 6-4-3 (Groundball, 6, EV 90.0 MPH)
Bottom of the 2nd over - 1 run, 3 hits, 0 errors, 1 left on base; Sunset District 3 - Hamilton 2
TOP OF THE 3RD
Sunset District Fog batting - Pitching for Hamilton Coyotes : LHP Luis Soto
Batting: RHB John Mast 0-0: SINGLE (Line Drive, 89S, EV 97.5 MPH)
Batting: RHB Brock Dean 0-0: Ball
1-0: Ground out 4-3 (Groundball, 4MS, EV 73.1 MPH)
John Mast to second
Batting: LHB Phillip White 0-0: Ball
1-0: Ball
2-0: Foul Ball, location: 2F
2-1: Called Strike
2-2: Strikes out looking
Batting: LHB Flint Myers 0-0: Fly out, F9 (Line Drive, 9, EV 89.4 MPH)
Top of the 3rd over - 0 runs, 1 hit, 0 errors, 1 left on base; Sunset District 3 - Hamilton 2
BOTTOM OF THE 3RD
Hamilton Coyotes batting - Pitching for Sunset District Fog : LHP Nicholas Finn
Batting: RHB Tom Rowland 0-0: Foul Ball, location: 2F
0-1: Ball
1-1: Ball
2-1: Foul Ball, location: 2F
2-2: Ground out 4-3 (Groundball, 4, EV 99.4 MPH)
Batting: RHB Dave Broom 0-0: Called Strike
0-1: Ball
1-1: Foul Ball, location: 2F
1-2: SINGLE (Groundball, 6MD, EV 96.9 MPH)
Batting: RHB Rey McSriff 0-0: Swinging Strike
0-1: Called Strike
Dave Broom steals 2nd, throwing error, E2
Dave Broom to third
0-2: Strikes out swinging
Batting: RHB Gary Goodwin 0-0: Called Strike
0-1: Ball
1-1: Ball
2-1: Ball
3-1: Called Strike
3-2: Base on Balls
Batting: RHB Dylan Oram 0-0: Called Strike
0-1: Fielders Choice at 2nd, 6-4 (Groundball, 6, EV 91.9 MPH)
Bottom of the 3rd over - 0 runs, 1 hit, 1 error, 2 left on base; Sunset District 3 - Hamilton 2
TOP OF THE 4TH
Sunset District Fog batting - Pitching for Hamilton Coyotes : LHP Luis Soto
Batting: SHB Rafael Bregonzi 0-0: Called Strike
0-1: Ball
1-1: Ball
2-1: Called Strike
2-2: Fly out, F8 (Flyball, 89S, EV 85.0 MPH)
Batting: LHB Dallas Ihde 0-0: Ball
1-0: Ball
2-0: SOLO HOME RUN (Flyball, 9LD, EV 95.0 MPH), Distance : 340 ft
Batting: RHB Vonne Navarrete 0-0: Ball
1-0: Called Strike
1-1: SINGLE (Groundball, 6MD, EV 101.2 MPH)
Batting: LHB Yi-da Chow 0-0: Called Strike
0-1: Called Strike
Balk!
Vonne Navarrete to second
0-2: Ball
1-2: Ball
2-2: Foul Ball, location: 2F
2-2: Ball
3-2: Foul Ball, location: 2F
3-2: Ground out 2-3 (Groundball, 13S, EV 74.4 MPH)
Vonne Navarrete to third
Batting: SHB Doug Watson 0-0: Swinging Strike
0-1: Ball
1-1: DOUBLE (Groundball, 5L, EV 93.8 MPH)
Vonne Navarrete scores
Batting: RHB John Mast 0-0: Fly out, F7 (Flyball, 7S, EV 90.0 MPH)
Top of the 4th over - 2 runs, 3 hits, 0 errors, 1 left on base; Sunset District 5 - Hamilton 2
BOTTOM OF THE 4TH
Hamilton Coyotes batting - Pitching for Sunset District Fog : LHP Nicholas Finn
Batting: RHB Chris Kuhn 0-0: Hit by Pitch
Batting: LHB Jason Powell 0-0: Ball
1-0: Fly out, F8 (Flyball, 8RM, EV 73.8 MPH)
Batting: SHB Júlio Moreno 0-0: Called Strike
0-1: Foul Ball, location: 2F
0-2: Fly out, F7 (Flyball, 7S, EV 87.5 MPH)
Batting: RHB Cary Collins 0-0: Called Strike
0-1: Reached via error on a dropped throw from SS, E3 (Groundball, 56, EV 102.5 MPH)
Chris Kuhn to second
Batting: RHB Tom Rowland 0-0: Called Strike
0-1: Swinging Strike
0-2: Ball
1-2: Foul Ball, location: 2F
1-2: Foul Ball, location: 2F
1-2: Strikes out swinging
Bottom of the 4th over - 0 runs, 0 hits, 1 error, 2 left on base; Sunset District 5 - Hamilton 2
TOP OF THE 5TH
Sunset District Fog batting - Pitching for Hamilton Coyotes : LHP Luis Soto
Batting: RHB Brock Dean 0-0: Called Strike
0-1: Ball
1-1: Ball
2-1: Foul Ball, location: 2F
2-2: Foul Ball, location: 2F
2-2: Ball
3-2: Foul Ball, location: 2F
3-2: Base on Balls
Batting: LHB Phillip White 0-0: Ball
1-0: Foul Ball, location: 2F
1-1: Foul Ball, location: 2F
1-2: Strikes out swinging
Batting: LHB Flint Myers 0-0: Ball
1-0: Ball
2-0: Fly out, F4 (Line Drive, 34, EV 85.0 MPH)
Batting: SHB Rafael Bregonzi 0-0: Ball
1-0: Fly out, F9 (Flyball, 9D, EV 87.5 MPH)
Top of the 5th over - 0 runs, 0 hits, 0 errors, 1 left on base; Sunset District 5 - Hamilton 2
BOTTOM OF THE 5TH
Hamilton Coyotes batting - Pitching for Sunset District Fog : LHP Nicholas Finn
Batting: RHB Dave Broom 0-0: Ball
1-0: Ball
2-0: Foul Ball, location: 2F
2-1: Foul Ball, location: 2F
2-2: Strikes out looking
Batting: RHB Rey McSriff 0-0: Foul Ball, location: 2F
0-1: Ball
1-1: Foul Ball, location: 2F
1-2: Ball
2-2: Strikes out looking
Batting: RHB Gary Goodwin 0-0: Fly out, F7 (Flyball, 7LM, EV 81.9 MPH)
Bottom of the 5th over - 0 runs, 0 hits, 0 errors, 0 left on base; Sunset District 5 - Hamilton 2
TOP OF THE 6TH
Sunset District Fog batting - Pitching for Hamilton Coyotes : LHP Luis Soto
Batting: LHB Dallas Ihde 0-0: Ball
1-0: DOUBLE (Line Drive, 3D, EV 103.1 MPH)
Batting: RHB Vonne Navarrete 0-0: Intentional Walk
Pitching: RHP Hansky Paillant
Batting: LHB Yi-da Chow 0-0: Called Strike
0-1: Swinging Strike
0-2: Ball
1-2: Ball
2-2: Ball
3-2: Foul Ball, location: 2F
3-2: Foul Ball, location: 2F
3-2: Strikes out looking
Dallas Ihde is caught stealing 3rd base 2-5
Batter strikes out.
Vonne Navarrete to second
Batting: SHB Doug Watson 0-0: Ball
1-0: Foul Ball, location: 2F
1-1: Ball
2-1: Ball
3-1: SINGLE (Line Drive, 89M, EV 103.8 MPH)
Vonne Navarrete to third
Batting: RHB John Mast 0-0: Foul Ball, location: 2F
0-1: Ball
1-1: Foul Ball, location: 2F
1-2: Foul Ball, location: 2F
1-2: Hit by Pitch
Doug Watson to second
Batting: RHB Brock Dean 0-0: Ball
1-0: Fly out, F8 (Flyball, 8LM, EV 94.4 MPH)
Top of the 6th over - 0 runs, 2 hits, 0 errors, 3 left on base; Sunset District 5 - Hamilton 2
BOTTOM OF THE 6TH
Hamilton Coyotes batting - Pitching for Sunset District Fog : LHP Nicholas Finn
Pitching: RHP Charlie Hilder
Batting: RHB Dylan Oram 0-0: Foul Ball, location: 2F
0-1: Foul Ball, location: 2F
0-2: Foul Ball, location: 2F
0-2: Ball
1-2: Ball
2-2: Fly out, F7 (Flyball, 7D, EV 95.0 MPH)
Batting: RHB Chris Kuhn 0-0: Called Strike
0-1: Ball
1-1: Swinging Strike
1-2: Ball
2-2: Strikes out looking
Batting: LHB Jason Powell 0-0: Called Strike
0-1: Foul Ball, location: 2F
0-2: Ball
1-2: Ball
2-2: Ball
3-2: Base on Balls
Batting: SHB Júlio Moreno 0-0: Called Strike
0-1: Foul Ball, location: 2F
0-2: Ball
Jason Powell steals 2nd base
1-2: Foul Ball, location: 2F
1-2: Ball
2-2: Ball
3-2: Base on Balls
Batting: RHB Cary Collins 0-0: Called Strike
0-1: Ball
1-1: Swinging Strike
1-2: Ground out 6-3 (Groundball, 6M, EV 105.6 MPH)
Bottom of the 6th over - 0 runs, 0 hits, 0 errors, 2 left on base; Sunset District 5 - Hamilton 2
TOP OF THE 7TH
Sunset District Fog batting - Pitching for Hamilton Coyotes : RHP Hansky Paillant
Batting: LHB Phillip White 0-0: Ground out 6-3 (Groundball, 6, EV 82.5 MPH)
Batting: LHB Flint Myers 0-0: Ball
1-0: Swinging Strike
1-1: Ball
2-1: Foul Ball, location: 2F
2-2: Ball
3-2: Base on Balls
Batting: SHB Rafael Bregonzi 0-0: Ball
1-0: Ball
2-0: Called Strike
2-1: Reached on error, E3 (Groundball, 3L, EV 83.8 MPH)
Flint Myers to second
Pitching: RHP Stanley Kent
Batting: LHB Dallas Ihde 0-0: Grounds into double play, 6-4-3 (Groundball, 6, EV 101.2 MPH)
Top of the 7th over - 0 runs, 0 hits, 1 error, 1 left on base; Sunset District 5 - Hamilton 2
BOTTOM OF THE 7TH
Hamilton Coyotes batting - Pitching for Sunset District Fog : RHP Charlie Hilder
Batting: RHB Tom Rowland 0-0: Called Strike
0-1: Swinging Strike
0-2: Strikes out swinging
Batting: RHB Dave Broom 0-0: SINGLE (Groundball, 4S, EV 78.8 MPH) (infield hit)
Batting: RHB Rey McSriff 0-0: Ball
1-0: Fly out, F9 (Flyball, 89S, EV 89.4 MPH)
Batting: RHB Gary Goodwin 0-0: Ball
1-0: Called Strike
1-1: Called Strike
1-2: Ball
2-2: Ball
Dave Broom steals 2nd base
3-2: Strikes out looking
Bottom of the 7th over - 0 runs, 1 hit, 0 errors, 1 left on base; Sunset District 5 - Hamilton 2
TOP OF THE 8TH
Sunset District Fog batting - Pitching for Hamilton Coyotes : RHP Stanley Kent
Batting: RHB Vonne Navarrete 0-0: Ball
1-0: Ball
2-0: Ball
3-0: Base on Balls
Batting: LHB Yi-da Chow 0-0: Ball
1-0: Called Strike
1-1: Grounds into double play, 6-4-3 (Groundball, 6, EV 82.5 MPH)
Batting: SHB Doug Watson 0-0: Ball
1-0: Swinging Strike
1-1: Swinging Strike
1-2: Foul Ball, location: 2F
1-2: Strikes out swinging
Top of the 8th over - 0 runs, 0 hits, 0 errors, 0 left on base; Sunset District 5 - Hamilton 2
BOTTOM OF THE 8TH
Hamilton Coyotes batting - Pitching for Sunset District Fog : RHP Charlie Hilder
Batting: RHB Dylan Oram 0-0: Foul Ball, location: 2F
0-1: Ball
1-1: Ball
2-1: Ball
3-1: Foul Ball, location: 2F
3-2: Ground out 6-3 (Groundball, 6, EV 86.9 MPH)
Batting: RHB Chris Kuhn 0-0: Called Strike
0-1: Ball
1-1: Swinging Strike
1-2: Foul Ball, location: 2F
1-2: Ground out 6-3 (Groundball, 6, EV 85.0 MPH)
Batting: LHB Jason Powell 0-0: Ball
1-0: Foul Ball, location: 2F
1-1: Ball
2-1: Foul Ball, location: 2F
2-2: Foul Ball, location: 2F
2-2: Ground out 1-3 (Groundball, 13S, EV 66.2 MPH)
Bottom of the 8th over - 0 runs, 0 hits, 0 errors, 0 left on base; Sunset District 5 - Hamilton 2
TOP OF THE 9TH
Sunset District Fog batting - Pitching for Hamilton Coyotes : RHP Stanley Kent
Batting: RHB John Mast 0-0: Called Strike
0-1: Ball
1-1: Ball
2-1: Foul Ball, location: 2F
2-2: Ball
3-2: Foul Ball, location: 2F
3-2: Base on Balls
Batting: RHB Brock Dean 0-0: Foul Ball, location: 2F
0-1: Called Strike
0-2: Foul Ball, location: 2F
0-2: Fly out, F8 (Line Drive, 8LD, EV 93.8 MPH)
Batting: LHB Phillip White 0-0: Ball
1-0: Foul Ball, location: 2F
1-1: Swinging Strike
1-2: Ball
2-2: Fly out, F8 (Flyball, 8RXD, EV 77.5 MPH)
Batting: LHB Flint Myers 0-0: Called Strike
0-1: DOUBLE (Line Drive, 89XD, EV 101.9 MPH)
John Mast to third
Runner from 3rd tries for Home, SAFE, throw by RF to home
Batting: SHB Rafael Bregonzi 0-0: Called Strike
0-1: Foul Ball, location: 2F
0-2: Ball
1-2: Ground out 6-3 (Groundball, 6M, EV 105.0 MPH)
Top of the 9th over - 1 run, 1 hit, 0 errors, 1 left on base; Sunset District 6 - Hamilton 2
BOTTOM OF THE 9TH
Hamilton Coyotes batting - Pitching for Sunset District Fog : RHP Charlie Hilder
Pitching: LHP Mario Herrera
Batting: SHB Júlio Moreno 0-0: Called Strike
0-1: Ball
1-1: Foul Ball, location: 2F
1-2: Ball
2-2: Ball
3-2: Base on Balls
Batting: RHB Cary Collins 0-0: SINGLE (Groundball, 56D, EV 98.1 MPH)
Júlio Moreno to second
Batting: RHB Tom Rowland 0-0: Ball
1-0: SINGLE (Groundball, 56S, EV 81.9 MPH) (infield hit)
Júlio Moreno to third
Cary Collins to second
Batting: RHB Dave Broom 0-0: Ball
1-0: Fly out, F7 (Flyball, 7, EV 88.1 MPH)
Runner from 3rd tags up, SCORES, no throw by LF
Batting: RHB Rey McSriff 0-0: Called Strike
0-1: Ball
1-1: Ball
2-1: Called Strike
2-2: Strikes out swinging
Batting: RHB Gary Goodwin 0-0: Called Strike
0-1: Called Strike
0-2: SINGLE (Line Drive, 8RS, EV 89.4 MPH)
Cary Collins to third
Tom Rowland to second
Batting: RHB Dylan Oram 0-0: Ball
1-0: Called Strike
1-1: Foul Ball, location: 2F
1-2: Ball
2-2: Fly out, F2 (Popup, 23F, EV 90.6 MPH)
Bottom of the 9th over - 1 run, 3 hits, 0 errors, 3 left on base; Sunset District 6 - Hamilton 3
Tuesday, January 5th, 2021 - OOTP Baseball 20.8 Build 74